AoeStats
← Khirs

Black Forest

507804522Analyzed
4v4 RM · 11d ago on Sep 19, 2026· 53m 50s· 8 players
Game mode
Random Map
Map size
Large (8 player)
Population
200
Speed
Normal
Resources
Standard
Victory
Conquest
Starting age
Dark Age
Ending age
Imperial Age
RankedLock teamsTeams togetherTeam positionsShared explorationLock speedFull tech treeHidden civsTurbo modeCheats
Victory
Defeat
🇷🇺 Goths · Russia
829
+16
🇷🇺 Vietnamese · Russia
827
+16
🇷🇺 Bohemians · Russia
826
+16
🇷🇺 Turks · Russia
826
+16
🇨🇳 Tupi · China
860
-17
🇧🇷 Romans · Brazil
854
-17
🇪🇸 Teutons · Spain
821
-16
🇩🇪 Byzantines · Germany
790
-14
IvanD
4:51 Loom
15:31 Feudal Age
16:52 Wheelbarrow
16:14 Double-Bit Axe
16:37 Horse Collar
17:04 Gold Mining
22:43 Castle Age
20:40 Man-at-Arms
21:34 Scale Mail Armor
24:56 Hand Cart
24:43 Caravan
24:36 Stone Mining
25:00 Bow Saw
25:17 Forging
28:23 Stone Shaft Mining
27:51 Heavy Plow
28:09 Squires
35:04 Imperial Age
33:05 Chain Mail Armor
34:10 Iron Casting
34:05 Town Watch
34:45 Fervor
34:42 Scale Barding Armor
34:30 Fletching
35:09 Pikeman
35:11 Long Swordsman
36:57 Chemistry
36:18 Ballistics
36:34 Conscription
35:35 Elite Huskarl
36:17 Perfusion
37:30 Two-Man Saw
38:16 Crop Rotation
37:54 Town Patrol
39:35 Guilds
39:55 Coinage
40:45 Blast Furnace
39:41 Bodkin Arrow
40:32 Anarchy
40:33 Murder Holes
40:11 Two-Handed Swordsman
40:12 Halberdier
41:29 Devotion
41:50 Masonry
42:14 Banking
41:44 Champion
44:26 Onager
Guardian of Tirisfal
0:36 Loom
13:09 Feudal Age
13:34 Horse Collar
13:41 Double-Bit Axe
15:46 Wheelbarrow
21:42 Castle Age
21:22 Scale Barding Armor
21:21 Padded Archer Armor
21:12 Fletching
21:33 Forging
21:23 Scale Mail Armor
22:47 Bow Saw
22:39 Heavy Plow
22:45 Squires
25:17 Hand Cart
29:44 Imperial Age
29:09 Fortified Wall
32:32 Two-Man Saw
34:47 Ballistics
35:02 Leather Archer Armor
34:42 Bodkin Arrow
35:23 Iron Casting
35:03 Chain Mail Armor
34:46 Town Watch
36:11 Town Patrol
36:19 Artillery
38:21 Elite Janissary
47:58 Bloodlines
47:49 Husbandry
47:55 Caravan
50:40 Ring Archer Armor
50:10 Bracer
51:11 Blast Furnace
50:41 Plate Mail Armor
Seeker
0:34 Loom
12:35 Feudal Age
13:04 Double-Bit Axe
13:00 Horse Collar
23:42 Castle Age
25:16 Wheelbarrow
24:54 Bow Saw
25:39 Heavy Plow
26:19 Caravan
28:32 Hand Cart
29:49 Town Watch
33:50 Town Patrol
36:23 Imperial Age
34:01 Pikeman
34:01 Man-at-Arms
34:42 Squires
38:10 Chemistry
37:34 Ballistics
37:48 Conscription
38:02 Elite Skirmisher
38:03 Crossbowman
38:07 Long Swordsman
40:14 Houfnice
40:50 Fletching
41:00 Padded Archer Armor
42:33 Two-Man Saw
42:01 Bodkin Arrow
42:18 Forging
42:08 Scale Mail Armor
42:13 Scale Barding Armor
43:37 Wagenburg Tactics
43:08 Arbalester
47:10 Elite Hussite Wagon
48:11 Bracer
48:26 Leather Archer Armor
48:47 Iron Casting
48:27 Chain Mail Armor
49:43 Leather Archer Armor
50:29 Blast Furnace
49:44 Chain Mail Armor
53:32 Ring Archer Armor
53:33 Plate Mail Armor
53:23 Chain Barding Armor
53:10 Siege Engineers
53:41 Imperial Skirmisher
53:44 Two-Handed Swordsman
54:09 Arson
Shram
0:33 Loom
14:07 Feudal Age
14:33 Double-Bit Axe
14:32 Horse Collar
16:41 Wheelbarrow
18:50 Town Watch
21:28 Gold Mining
21:28 Stone Mining
22:59 Man-at-Arms
28:00 Castle Age
26:29 Forging
26:20 Scale Mail Armor
28:58 Caravan
29:19 Bow Saw
29:13 Heavy Plow
29:07 Fletching
29:17 Padded Archer Armor
29:51 Hand Cart
29:37 Town Patrol
33:19 Squires
33:04 Arson
33:29 Thumb Ring
35:08 Bodkin Arrow
35:28 Leather Archer Armor
35:49 Iron Casting
35:29 Chain Mail Armor
39:54 Imperial Age
38:24 Stone Shaft Mining
37:49 Elite Skirmisher
38:34 Chatras
38:57 Scale Barding Armor
41:14 Bracer
41:44 Ring Archer Armor
41:44 Plate Mail Armor
41:36 Chain Barding Armor
41:54 Crop Rotation
41:46 Ballistics
43:38 Chemistry
43:51 Elite Rattan Archer
44:53 Paper Money
48:05 Two-Man Saw
47:36 Elite Battle Elephant
48:28 Bloodlines
48:18 Husbandry
51:19 Plate Barding Armor
52:39 Imperial Skirmisher
52:41 Crossbowman
52:43 Long Swordsman
52:43 Pikeman
52:45 Elite Fire Lancer
52:54 Pikeman
Khirs
0:38 Loom
14:27 Feudal Age
15:07 Double-Bit Axe
21:46 Castle Age
20:15 Gold Mining
20:21 Stone Mining
22:33 Horse Collar
23:11 Bow Saw
25:34 Stone Shaft Mining
25:13 Forging
29:03 Fortified Wall
34:32 Imperial Age
32:52 Ballistics
32:30 Fletching
32:41 Pikeman
35:04 Wheelbarrow
35:05 Bodkin Arrow
36:15 Chemistry
35:46 Conscription
37:09 Scale Barding Armor
37:12 Cavalier
38:23 Ironclad
39:38 Chain Barding Armor
39:45 Heavy Plow
39:54 Arrowslits
40:57 Elite Skirmisher
42:24 Plate Barding Armor
42:14 Masonry
43:00 Crop Rotation
46:48 Onager
| LEON | SAPULHA
0:33 Loom
12:23 Feudal Age
15:18 Double-Bit Axe
18:26 Castle Age
20:17 Gold Mining
20:40 Bow Saw
20:26 Stone Mining
23:43 Horse Collar
26:40 Heavy Plow
29:35 Wheelbarrow
29:51 Gold Shaft Mining
29:41 Scale Mail Armor
29:51 Forging
35:09 Imperial Age
34:00 Ballistas
33:58 Squires
33:19 Man-at-Arms
34:42 Fortified Wall
34:55 Chain Mail Armor
35:16 Iron Casting
34:43 Long Swordsman
34:44 Pikeman
35:47 Onager
35:50 Heavy Scorpion
36:01 Legionary
38:45 Chemistry
38:09 Ballistics
39:57 Blast Furnace
41:50 Hand Cart
41:20 Town Watch
Dankemerkel21
17:11 Feudal Age
22:10 Castle Age
32:57 Imperial Age
30:51 Caravan
31:22 Coinage
34:18 Crossbowman
35:03 Horse Collar
35:10 Double-Bit Axe
35:47 Heavy Plow
36:12 Bow Saw
37:45 Banking
37:39 Conscription
39:56 Two-Man Saw
40:04 Wheelbarrow
39:15 Loom
41:32 Hand Cart
41:23 Arbalester
42:10 Thumb Ring
43:05 Crop Rotation
42:55 Gold Mining
42:58 Stone Mining
43:36 Logistica
44:03 Hoardings
43:22 Fletching
43:32 Padded Archer Armor
45:50 Gold Shaft Mining
45:51 Stone Shaft Mining
45:21 Bodkin Arrow
45:41 Leather Archer Armor
46:09 Capped Ram
47:38 Ballistics
48:19 Chemistry
47:30 Fortified Wall
47:16 Murder Holes
47:07 Arrowslits
47:03 Treadmill Crane
48:33 Guilds
49:18 Bracer
49:48 Ring Archer Armor
49:34 Elite Skirmisher
强强不怕困难
0:34 Loom
12:27 Feudal Age
17:49 Castle Age
17:54 Horse Collar
18:00 Double-Bit Axe
18:07 Gold Mining
18:07 Stone Mining
23:06 Heavy Plow
25:01 Bow Saw
28:21 Gold Shaft Mining
28:41 Wheelbarrow
27:52 Town Watch
31:56 Imperial Age
31:27 Hand Cart
31:13 Town Patrol
31:44 Squires
31:30 Arson
31:48 Scale Mail Armor
31:58 Forging
33:04 Chain Mail Armor
32:49 Padded Archer Armor
32:39 Fletching
34:01 Two-Man Saw
33:24 Curare
33:41 Conscription
34:27 Iron Casting
36:18 Plate Mail Armor
36:05 Leather Archer Armor
35:45 Bodkin Arrow
35:13 Elite Blackwood Archer
36:21 Ballistics
37:02 Chemistry
39:12 Ring Archer Armor
39:09 Caravan
41:19 Bracer
42:07 Elite Ibirapema Warrior
Connection lost

Rejoining the realm…

Still unreachable

The connection could not be restored.

Session expired

The server has moved on; the page needs a fresh start.